 Dungeon Crawl Stone Soup version 0.31-a0-431-g88bdf31460 (webtiles) character file.

Game seed: 15033011123127820886

56 randomguy2701 the Shield-Bearer (level 3, 0/49 HPs)
             Began as a Minotaur Fighter on July 31, 2023.
             Succumbed to a goblin's poison
             ... on level 1 of the Dungeon.
             The game lasted 00:01:12 (915 turns).

randomguy2701 the Shield-Bearer (Minotaur Fighter)   Turns: 915, Time: 00:01:12

Health: 0/49       AC:  7    Str: 20    XL:     3   Next: 71%
Magic:  2/2        EV:  9    Int:  5    God:
Gold:   64         SH:  5    Dex: 11    Spells: 2/2 levels left

rFire   . . .        a - +0 war axe
rCold   . . .        c - +0 buckler
rNeg    . . .        b - +0 scale mail
rPois   .            (helmet restricted)
rElec   .            (no cloak)
rCorr   .            (no gloves)
SInv    .            (no boots)
Will    .....        (no amulet) Stlth
                     (no ring)
HPRegen 0.28/turn    (no ring)
MPRegen 0.08/turn

%: no passive effects
@: berserking, lethally poisoned (0 -> -4), very quick
A: horns 2, retaliatory headbutt
a: no special abilities


You were on level 1 of the Dungeon.
You visited 1 branch of the dungeon, and saw 2 of its levels.

You collected 64 gold pieces.

Inventory:

Hand Weapons
 a - a +0 war axe (weapon)
Armour
 b - a +0 scale mail (worn)
 c - a +0 buckler (worn)
Scrolls
 g - a scroll of enchant armour {unknown}
Potions
 d - a potion of might
 f - a potion of heal wounds {unknown}
 h - a potion of curing {unknown}


   Skills:
 + Level 4.1 Fighting
 + Level 3.0 Axes
 + Level 4.1 Armour
 + Level 0.2 Dodging
 + Level 4.5 Shields


You had 2 spell levels left.
You didn't know any spells.
Your spell library contained the following spells:

 Spells                   Type           Power      Damage    Failure   Level
 Volatile Blastmotes      Fire/Tloc      0%         2d10      99%         3
 Fulminant Prism          Conj/Hex       0%         3d5       100%        4
 Iskenderun's Mystic Bla  Conj/Tloc      0%         2d3       100%        4


Dungeon Overview and Level Annotations

Branches:
Dungeon (2/15)

Altars:


Innate Abilities, Weirdness & Mutations

You have a pair of horns on your head.
You reflexively headbutt those who attack you in melee.


Message History

You block the goblin's attack.
You slash the kobold!
You kill the kobold!
You hit the goblin.
You feel very sick.
A hobgoblin comes into view.
The goblin hits you with a +0 dagger of venom.
The hobgoblin barely misses you. The goblin barely misses you.
Robin hits you but does no damage.
You feel sick.
The hobgoblin hits you but does no damage.
The goblin hits you but does no damage.
You are lethally poisoned!
You climb upwards.
* * * LOW HITPOINT WARNING * * *
You feel very sick.
There is a stone staircase leading down here.
You hit Robin but do no damage. You headbutt Robin!
Robin is severely wounded.
You slash the goblin!
You kill the goblin!
You hit the hobgoblin but do no damage.
* * * LOW HITPOINT WARNING * * *
You feel very sick. The hobgoblin barely misses you.
Robin hits you with a +0 mace of protection.
* * * LOW HITPOINT WARNING * * *
Sorry, you're not good enough to have a special ability.
Sorry, you're not good enough to have a special ability.
It was a potion of berserk rage.
A red film seems to cover your vision as you go berserk!
You feel yourself moving faster!
You feel mighty!
* * * LOW HITPOINT WARNING * * *
You feel sick.
The hobgoblin hits you but does no damage.
Robin barely misses you. You furiously retaliate!
You headbutt Robin!
You kill Robin!
Your Axes skill increases to level 3!
You completely miss the hobgoblin.
You die...

#.# #...........# #. ##[#########
#...........# #. ...........#
#...........###.
##.#######.#######...........'.'.
#.#..........##.............###.
#.#..........##.............# #.
#.#..........##.........>...###.
#.#..........####..........)....
#.#...........g@)...............
#.#............)#...............
#.#.............#...........)...
##.#.............#####.####......
.#.########......# #.####......
.................#####...##......
.#.########..............##.)....
.#.#.....##...##...........#.####
.#.#.###.####.##.............#


You could see a hobgoblin (strong).

Vanquished Creatures
  Robin (D:1)
  A gnoll (D:1)
  A ball python (D:1)
  2 endoplasms (D:1)
  A giant cockroach (D:1)
  6 goblins
  3 hobgoblins
  6 jackals (D:1)
  3 quokkas (D:1)
  2 frilled lizards (D:1)
  2 kobolds
  3 rats (D:1)
31 creatures vanquished.

Notes
Turn   | Place    | Note
-------+----------+-------------------------------------------
     0 | D:1      | randomguy2701 the Minotaur Fighter began the quest for the
                  | Orb.
     0 | D:1      | Reached XP level 1. HP: 19/19 MP: 0/0
   198 | D:1      | Reached XP level 2. HP: 24/25 MP: 1/1
   315 | D:1      | Reached XP level 3. HP: 28/33 MP: 2/2
   805 | D:2      | Noticed Robin
   914 | D:1      | HP: 1/49 [poisoned by a goblin]
   914 | D:1      | Killed Robin
   915 | D:1      | Succumbed to a goblin's poison

Illustrated notes

Levels and vault maps discovered:
D:1:      lightli_arrival_isolated_outpost, layout_basic
D:2:      layout_basic, serial_forest, infiniplex_forest_lined_room_3,
          infiniplex_forest_fountain, infiniplex_forest_straight_2,
          infiniplex_forest_lined_4_way, infiniplex_forest_pool,
          infiniplex_forest_zigzag_1, ebering_ecumenical_altar_sacrificial,
          nicolae_shop_vocational, uniq_robin, uniq_terence

Skill      XL: |  1  2  3 |
---------------+----------+-----
Shields        | 4 |  4.5
Fighting       | 4 |  4.1
Armour         | 4 |  4.1
Axes           | 3 |  3.0
Dodging        | |  0.2

Action                     || total
---------------------------++-------
  Melee: War axe           ||    60
         Headbutt          ||     7
    Use: Potion            ||     1
 Armour: Scale mail        ||    39
  Dodge: Dodged            ||    55
  Block: Buckler           ||    20

Table legend: (Time is in decaauts)
 A = Elapsed time spent in this place.
 B = Non-inter-level travel time spent in this place.
 C = Inter-level travel time spent in this place.
 D = Time resting spent in this place.
 E = Time spent auto-exploring this place.
 F = Levels seen in this place.
 G = Mean time per level.
                   A        B        C        D        E       F      G
               +--------+--------+--------+--------+--------+-----+--------+
         Total |    943 |    919 |     24 |      0 |    752 |   2 |  471.5 |
       Dungeon |    943 |    919 |     24 |      0 |    752 |   2 |  471.5 |
               +--------+--------+--------+--------+--------+-----+--------+

Top non-repeatable levels by time:
     D:1: 900 daAuts
     D:2: 43 daAuts
